Map: Dead of Night

Players

wasp

  • Race: Protoss Protoss
  • Spawn Location: 0:00

NamroodTuo

  • Race: Zerg Zerg

VOD

Have the link to the VOD?

Description

Time

  • Played on: June 14, 2023, 6:10 a.m.
  • Length: 39:57
Show
View Real Time Build Order
Export as new Build Order

wasp Protoss 

Build Orders:  

Get SALT Encoding   

  12  0:06  Probe (Chrono Boost)  
  13  0:18  Probe (Chrono Boost)  
  13  0:29  Pylon  
  14  0:50  Pylon  
  14  1:09  Pylon  
  14  1:14  Pylon  
  14  1:31  Forge  
  14  1:35  Pylon  
  14  1:48  Probe (Chrono Boost)  
  14  1:51  Assimilator  
  14  1:56  Assimilator  
  15  2:00  Probe (Chrono Boost)  
  16  2:12  Probe (Chrono Boost)  
  17  2:24  Photon Cannon  
  17  2:36  Photon Cannon  
  17  2:43  Probe (Chrono Boost)  
  18  2:55  Probe (Chrono Boost)  
  19  3:05  Photon Cannon  
  19  3:07  Probe (Chrono Boost)  
  20  3:16  Photon Cannon  
  20  3:31  Photon Cannon  
  20  3:41  Photon Cannon  
  20  3:53  Photon Cannon  
  20  4:44  Photon Cannon  
  20  5:02  Pylon  
  20  5:20  Pylon  
  20  5:27  Probe (Chrono Boost)  
  20  5:28  Pylon  
  20  5:30  Probe (Chrono Boost)  
  20  5:32  Probe (Chrono Boost)  
  20  5:35  Probe (Chrono Boost)  
  20  5:37  Probe (Chrono Boost)  
  20  5:39  Probe (Chrono Boost)  
  21  5:42  Probe (Chrono Boost)  
  21  5:44  Probe (Chrono Boost)  
  21  5:49  Probe (Chrono Boost)  
  29  6:06  Photon Cannon  
  29  6:11  Photon Cannon  
  29  6:19  Photon Cannon  
  29  6:22  Photon Cannon  
  29  7:08  Assimilator  
  29  7:34  Khaydarin Monolith  
  29  7:44  Khaydarin Monolith  
  29  7:57  Khaydarin Monolith  
  29  8:03  Khaydarin Monolith  
  29  8:17  Khaydarin Monolith  
  29  9:10  Pylon  
  29  9:12  Pylon  
  29  9:19  Khaydarin Monolith  
  29  9:26  Khaydarin Monolith  
  29  9:34  Khaydarin Monolith  
  29  9:52  Khaydarin Monolith  
  29  10:05  Probe (Chrono Boost)  
  30  10:17  Probe (Chrono Boost)  
  30  10:29  Probe (Chrono Boost)  
  31  10:36  Photon Cannon  
  31  10:37  Photon Cannon  
  31  10:39  Photon Cannon  
  32  10:41  Probe (Chrono Boost)  
  32  10:46  Photon Cannon  
  32  10:47  Photon Cannon  
  32  10:49  Photon Cannon  
  33  10:53  Probe (Chrono Boost)  
  34  11:02  Pylon  
  34  11:06  Pylon  
  34  11:14  Pylon  
  34  11:21  Pylon  
  34  11:37  Photon Cannon  
  34  11:40  Photon Cannon  
  34  11:50  Photon Cannon  
  34  12:03  Photon Cannon  
  34  12:14  Photon Cannon  
  34  13:20  Khaydarin Monolith x2  
  34  13:23  Khaydarin Monolith  
  34  13:24  Khaydarin Monolith  
  34  13:37  Pylon  
  34  13:45  Pylon  
  34  13:49  Probe (Chrono Boost)  
  34  13:52  Probe (Chrono Boost)  
  34  13:54  Probe (Chrono Boost)  
  34  13:56  Probe (Chrono Boost)  
  34  13:59  Probe (Chrono Boost)  
  39  14:26  Khaydarin Monolith  
  39  14:36  Khaydarin Monolith  
  39  15:13  Khaydarin Monolith  
  39  15:35  Khaydarin Monolith  
  39  15:46  Khaydarin Monolith  
  39  16:19  Pylon  
  39  16:21  Pylon  
  39  16:49  Khaydarin Monolith  
  39  17:02  Khaydarin Monolith  
  39  17:24  Khaydarin Monolith  
  39  17:26  Khaydarin Monolith  
  39  17:29  Khaydarin Monolith  
  39  17:45  Khaydarin Monolith  
  39  17:49  Khaydarin Monolith  
  39  18:05  Khaydarin Monolith  
  39  18:25  Khaydarin Monolith  
  39  18:53  Pylon  
  39  19:05  Khaydarin Monolith  
  39  19:08  Khaydarin Monolith  
  39  19:17  Khaydarin Monolith  
  39  19:36  Khaydarin Monolith  
  39  19:59  Photon Cannon  
  39  20:00  Photon Cannon  
  39  20:49  Khaydarin Monolith  
  39  20:54  Khaydarin Monolith  
  39  21:02  Photon Cannon  
  39  21:06  Photon Cannon  
  39  21:53  Pylon  
  39  22:09  Pylon  
  39  23:04  Khaydarin Monolith  
  39  23:12  Khaydarin Monolith  
  39  23:23  Khaydarin Monolith  
  39  24:15  Solar Efficiency Level 1  
  39  24:19  Gateway  
  39  25:45  Cybernetics Core  
  39  26:10  Pylon  
  39  26:18  Pylon  
  39  26:22  Pylon  
  39  26:40  Shield Battery  
  39  26:45  Shield Battery  
  39  27:07  Shield Battery  
  39  27:13  Shield Battery  
  39  27:22  Shield Battery  
  39  27:42  Robotics Facility  
  39  27:43  Robotics Facility  
  39  28:08  Khaydarin Monolith  
  38  28:41  Immortal x2  
  38  28:50  Immortal x2  
  46  29:32  Immortal x2  
  62  30:18  Pylon  
  62  30:20  Immortal x2  
  62  30:23  Pylon  
  70  30:34  Pylon  
  70  30:55  Pylon  
  70  31:08  Immortal x2, Khaydarin Monolith  
  70  31:09  Khaydarin Monolith  
  70  31:10  Khaydarin Monolith  
  78  31:37  Khaydarin Monolith  
  78  31:45  Khaydarin Monolith  
  78  31:55  Probe (Chrono Boost)  
  79  32:07  Probe (Chrono Boost)  
  195  32:20  Probe (Chrono Boost)  
  80  32:22  Khaydarin Monolith  
  80  32:24  Khaydarin Monolith  
  81  32:32  Probe (Chrono Boost)  
  81  32:36  Photon Cannon  
  81  32:39  Photon Cannon  
  82  32:41  Photon Cannon x2  
  82  32:44  Probe (Chrono Boost)  
  82  32:45  Photon Cannon  
  82  32:48  Photon Cannon  
  83  32:50  Photon Cannon  
  83  32:58  Photon Cannon x2  
  83  33:02  Photon Cannon  
  83  33:03  Khaydarin Monolith  
  83  33:23  Pylon  
  83  33:34  Khaydarin Monolith  
  83  33:43  Immortal x2, Khaydarin Monolith  
  83  33:52  Immortal  
  83  33:53  Immortal  
  83  34:09  Shield Battery  
  83  34:21  Probe (Chrono Boost)  
  83  34:23  Probe (Chrono Boost)  
  83  34:25  Probe (Chrono Boost)  
  83  34:28  Probe (Chrono Boost)  
  91  34:33  Immortal  
  91  34:34  Immortal  
  111  36:47  Khaydarin Monolith  
  111  38:49  Photon Cannon x2  
  111  38:58  Photon Cannon  
  111  38:59  Photon Cannon  
  111  39:02  Photon Cannon  
  111  39:03  Photon Cannon  
  111  39:06  Photon Cannon  
  111  39:15  Pylon  
  111  39:21  Pylon  
  111  39:24  Pylon  
  111  39:33  Pylon  
  111  39:39  Pylon  
  111  39:45  Khaydarin Monolith  
  111  39:46  Khaydarin Monolith  
Show
View Real Time Build Order
Export as new Build Order

NamroodTuo Zerg 

Build Orders:  

Get SALT Encoding   

  12  0:08  Infested SCV  
  13  0:12  Infested SCV  
  13  0:19  Infested SCV  
  15  0:39  Infested Barracks  
  15  0:48  Overlord  
  15  1:05  Infested Refinery  
  15  1:11  Infested SCV  
  15  1:18  Infested SCV  
  15  1:19  Infested SCV  
  18  1:21  Infested SCV  
  19  1:30  Infestation Level 1  
  19  1:51  Overlord  
  19  1:59  Infested SCV  
  20  2:02  Infested SCV  
  21  2:12  Overlord  
  21  2:33  Infested Engineering Bay, Infested SCV  
  21  2:35  Infested SCV  
  23  2:49  Infested SCV  
  24  3:12  Infested Bunker  
  24  3:17  Infested SCV  
  24  3:19  Stukov Infantry Weapons Level 1  
  29  3:22  Anaerobic Enhancement  
  29  3:48  Infested Marine  
  29  3:49  Infested Marine x9  
  39  3:53  Infestation Level 2  
  39  4:03  Overlord  
  39  4:16  Infested Refinery  
  43  4:33  Infested SCV  
  43  4:34  Infested Bunker  
  44  5:02  Infested SCV  
  44  5:08  Overlord  
  43  5:35  Infested Missile Turret  
  43  5:36  Infested SCV  
  36  5:53  Stukov Infantry Armor Level 1  
  36  5:57  Infested Marine x4  
  36  5:58  Infested Marine x15  
  55  6:06  Broodling Gestation  
  54  6:20  Infested SCV  
  54  6:21  Overlord  
  54  6:26  Overlord  
  54  6:40  Infested SCV  
  54  6:44  Infested SCV  
  54  6:45  Infested SCV  
  57  6:58  Infested Bunker  
  57  6:59  Infested SCV  
  62  7:02  Infested SCV  
  62  7:25  Infested SCV  
  61  7:51  Infested Marine  
  61  7:52  Infested Marine x9  
  57  8:25  Regenerative Plating  
  57  9:04  Infested Marine x4  
  57  9:05  Infested Marine x3  
  64  9:13  Infested Bunker  
  64  9:15  Overlord x2  
  64  9:16  Overlord x3  
  68  9:34  Infested SCV  
  63  9:47  Infested Factory  
  56  10:10  Infested Bunker  
  56  10:58  Infested Factory Tech Lab  
  56  11:02  Infested Barracks Tech Lab  
  56  11:20  Automated Mitosis  
  56  11:23  Infested Siege Tank x2  
  56  11:24  Infested Siege Tank  
  65  11:35  Overseer x3  
  65  11:36  Overseer x3  
  65  11:37  Retinal Augmentation  
  65  11:39  Overlord x4  
  65  11:40  Overlord  
  65  11:59  Infested Refinery  
  65  12:25  Plagued Munitions  
  65  12:41  Infested Siege Tank x2  
  71  12:54  Infested SCV  
  71  12:55  Infested SCV x4  
  76  13:57  Infested Armory  
  76  14:14  Infested Siege Tank x3  
  76  14:15  Infested Siege Tank  
  88  14:20  Overlord x2  
  88  14:21  Overlord x3  
  88  14:36  Infested Bunker  
  96  14:43  Infested Bunker  
  96  15:35  Infested Missile Turret  
  96  15:56  Infested Marine  
  96  15:57  Infested Marine x12  
  109  16:03  Infested Missile Turret  
  109  16:13  Infested Barracks  
  109  16:24  Infested Marine  
  109  16:25  Infested Marine x11  
  125  16:41  Infested Marine, Infested Bunker  
  125  16:42  Infested Marine x4  
  110  17:07  Infested Marine  
  110  17:08  Infested Marine x5  
  111  17:27  Infested Bunker  
  115  17:39  Infested Bunker  
  119  17:55  Stukov Infantry Weapons Level 2  
  110  18:04  Aggressive Incubation  
  110  18:07  Infested Bunker  
  110  18:09  Infestation Level 3  
  112  18:15  Overlord x3  
  112  18:16  Overlord  
  112  18:34  Infested Marine  
  112  18:35  Infested Marine x16  
  112  18:36  Infested Marine x2  
  131  18:59  Infested Marine  
  132  19:00  Infested Marine x12  
  132  19:01  Infested Marine x8  
  152  19:18  Infested Bunker  
  156  19:26  Infested Bunker  
  159  19:39  Infested Marine  
  156  19:40  Infested Marine x16  
  156  19:41  Infested Marine x7  
  174  19:51  Stukov Vehicle and Ship Weapons Level 1  
  167  20:04  Overseer x3  
  167  20:05  Overseer x2  
  136  20:40  Stukov Infantry Armor Level 2, Infested Marine x2  
  136  20:41  Infested Marine x20  
  136  20:42  Infested Marine  
  156  20:52  Infested Bunker  
  154  21:08  Infested Bunker  
  142  21:34  Infested Missile Turret  
  128  22:10  Stukov Vehicle and Ship Armor Level 1  
  128  22:22  Infested Missile Turret  
  128  22:28  Infested Marine  
  128  22:29  Infested Marine x8  
  137  22:30  Infested Marine x19  
  137  22:31  Infested Marine x12  
  159  23:28  Infested Marine x5  
  159  23:29  Infested Marine x19  
  180  23:30  Infested Marine x3  
  183  23:42  Calcified Armor  
  155  24:33  Infested Marine  
  155  24:34  Infested Marine x16  
  155  24:35  Infested Marine x13  
  185  24:40  Overlord  
  185  24:41  Overlord x4  
  169  25:20  Infested Marine  
  169  25:21  Infested Marine x9  
  169  25:22  Infested Marine x10  
  177  25:35  Unknown  
  177  26:03  Stukov Infantry Armor Level 3  
  177  26:09  Overlord x2  
  177  26:10  Overlord x3  
  177  26:27  Stukov Vehicle and Ship Weapons Level 2  
  177  26:28  Infested Marine x6  
  177  26:29  Infested Marine x18  
  152  27:39  Infested Bunker  
  126  28:34  Stukov Vehicle and Ship Armor Level 2  
  126  28:45  Overlord x4  
  126  28:58  Stukov Infantry Weapons Level 3  
  130  29:05  Infested Bunker  
  130  29:10  Infested Marine  
  130  29:11  Infested Marine  
  130  29:13  Infested Marine  
  130  29:14  Infested Marine x8  
  130  29:15  Infested Marine x10  
  151  29:43  Overseer x4  
  151  29:44  Overseer  
  151  30:18  Infested Marine  
  151  30:19  Infested Marine x12  
  163  30:20  Infested Marine x6  
  167  30:41  Infested Barracks  
  167  30:47  Overseer  
  167  30:48  Overseer x4  
  138  31:20  Infested Barracks  
  138  31:29  Infested Barracks  
  132  32:11  Infested Marine  
  132  32:12  Infested Marine x12  
  132  32:13  Infested Marine x7  
  150  32:23  Infested Barracks Tech Lab  
  150  32:34  Infested Marine  
  150  32:35  Infested Marine x10  
  157  33:52  Infested Marine x5  
  157  33:53  Infested Marine x18  
  157  33:54  Infested Marine x18  
  157  33:55  Infested Marine x3  
  130  36:08  Overlord x3  
  130  36:09  Overlord x2  
  130  36:49  Infested Marine x6  
  136  36:50  Infested Marine x21  
  136  36:51  Infested Marine x20  
  136  36:52  Infested Marine x13  
  189  37:28  Overseer x3  
  189  37:29  Overseer x4  
  168  38:34  Infested Marine  
  168  38:35  Infested Marine x16  
  168  38:36  Infested Marine x15  
Tags
 
Commander
KaraxStukov
Matchup
Co-op
Replay Pack
Multiplayer
Add a new tag
Caveats
  • Supply blocks, unpowered buildings, or Contaminate may cause inaccurate times.
  • Supply counts are checked every 10 seconds.